[Event "Late-Titled-Tuesday-Blitz-February-20-2024"]
[Site "Chess.com"]
[Date "2024.02.20"]
[Round "3"]
[White "only_strong_moves"]
[Black "Zhigalko_Sergei"]
[Result "0-1"]
[WhiteElo "2667"]
[BlackElo "2947"]
[TimeControl "180+1"]
[EndTime "14:27:39 PST"]
[Termination "Zhigalko_Sergei won by checkmate"]

1. e4 c5 2. Nf3 Nc6 3. d4 cxd4 4.
Nxd4 Nf6 5. Nc3 e5 6. Ndb5 d6 7. Bg5 a6 8. Na3 b5 9. Nd5 Be7 10. Bxf6 Bxf6 11. c3 Bg5 12. h4 Bh6 13. g4 Bf4 14.
Qf3 Be6 15. Nxf4 Qf6 16. Nc2 exf4 17. g5 Ne5 18. Qd1 Qe7 19. Nd4 O-O 20. Qd2 f3 21.
Qe3 Bg4 22. b3 Rac8 23. Bh3 Qd7 24. Bxg4 Qxg4 25. Kd2 Rc7 26. Nf5 Rfc8 27. Rag1 Qh5 28. Qd4 Qg6 29. h5 Qe6 30. Rc1 a5 31. g6 fxg6 32.
hxg6 hxg6 33. Ne3 a4 34. Nd5 Rb7 35. Rh4 g5 36. Rh5 Qg6 37. Rch1 Kf7 38. Ne3 axb3 39. axb3 Rbc7 40. Nf5 Rd7 41. Nxd6+ Rxd6 42. Ke3 Rxd4 43.
cxd4 Ng4+ 44. Kd2 Nf6 45. Ke1 Qxe4+ 46. Kf1 Qe2+ 47. Kg1 Qe1+ 48. Kh2 Qxf2+ 49. Kh3 Qg2# 0-1

[Event "Late-Titled-Tuesday-Blitz-February-20-2024"]
[Site "Chess.com"]
[Date "2024.02.20"]
[Round "3"]
[White "GMRAVEN_ON_YOUTUBE"]
[Black "FairChess_on_YouTube"]
[Result "0-1"]
[WhiteElo "2754"]
[BlackElo "3058"]
[TimeControl "180+1"]
[EndTime "14:27:40 PST"]
[Termination "FairChess_on_YouTube won on time"]

1. f4 b6 2. e4 Bb7 3. Nc3 e6 4. Nf3 d5 5. exd5 exd5 6. d4 Nf6 7. Bb5+ c6 8. Bd3 Be7 9. O-O O-O 10. Ne5 c5 11.
Qf3 Nc6 12. Nxc6 Bxc6 13. b3 Rc8 14. Be3 Re8 15. Rae1 c4 16. Bf5 Bd7 17. Bxd7 Qxd7 18. Bd2 Bb4 19. Re5 Bxc3 20. Bxc3 Ne4 21. Bb4 cxb3 22.
cxb3 Qb5 23. a3 a5 24. Be1 f6 25. Rxe8+ Rxe8 26. a4 Qa6 27. f5 Rc8 28. Bg3 Rc2 29.
Re1 Qc8 30. h4 h6 31. Bh2 Rc1 32. Qf1 Rxe1 33. Qxe1 Qxf5 34. Bc7 Qe6 35. Qe3 Qc6 36. Qf4 Kf7 37. h5 Qc2 38. Kh2 Qxb3 39. Qf5 Ke7 40.
Qc8 Qxa4 41. Qd8+ Ke6 42. Qg8+ Kd7 43. Qd8+ Ke6 44. Qg8+ Ke7 45. Qxg7+ Ke8 46. Qg8+ Kd7 47. Qd8+ Ke6 48. Qg8+ Ke7 49. Qxd5 Qc2 50. Qd8+ Ke6 51. d5+ Kf5 52. Qd7+ Kg5 53. Kh3 Nf2+ 54. Kh2 Ng4+ 55. Kh3 Qd3+ 56. Bg3 Nf2+ 57. Kh2 Ng4+ 58. Kh3 Ne5 59.
Qg7+ Kxh5 60. Qxf6 Ng6 61. d6 a4 62. d7 Qxd7+ 63.
Kh2 Qd5 64. Kh3 a3 0-1

[Event "Late-Titled-Tuesday-Blitz-February-20-2024"]
[Site "Chess.com"]
[Date "2024.02.20"]
[Round "3"]
[White "MyDream003"]
[Black "BilodeauA"]
[Result "0-1"]
[WhiteElo "2746"]
[BlackElo "3034"]
[TimeControl "180+1"]
[EndTime "14:27:40 PST"]
[Termination "BilodeauA won on time"]

1. d4 d5 2. c4 dxc4 3. Nf3 a6 4. e3 Bg4 5. Bxc4 e6 6. h3 Bh5 7. Nc3 Nc6 8. a3 Nf6 9. g4 Bg6 10. Nh4 Be7 11. Nxg6 hxg6 12. Bd2 Qd7 13. Qe2 Nd5 14. O-O-O O-O-O 15. Kb1 Kb8 16. Rc1 g5 17. Nxd5 exd5 18. Bd3 Rh6 19. Qd1 Na7 20. Bf1 Nc8 21. Bg2 Nb6 22. Ka2 Nc4 23. Bc3 Rb6 24. Bf1 Qe6 25. Bxc4 dxc4 26. Qc2 Rd5 27. e4 Rdb5 28. d5 Qd7 29.
Rhd1 Rb3 30. Bd4 Bc5 31. Bxc5 Rxb2+ 32. Qxb2 Rxb2+ 33. Kxb2 Qb5+ 34. Bb4 a5 35. Kc3 axb4+ 36. axb4 Qa4 37. Kxc4 Qa2+ 38. Kc3 Qxf2 39. Rd3 Qf4 40.
Re1 Qe5+ 41. Kb3 Ka7 42. Ree3 Kb6 43. Kc4 f6 44. Rc3 Qf4 45. Rcd3 Qf2 46. Rc3 Qa2+ 47. Rb3 Ka7 48. Rd3 Kb8 49. Re3 Kc8 50. Kd4 Kd7 51.
Red3 Kd6 52. Re3 Qh2 53. Kc4 Qc2+ 54. Kd4 b5 55. Rec3 Qd2+ 56. Rd3 Qc1 57. Rdc3 Qg1+ 58. Kd3 Ke5 59. Rc6 Qd1+ 60. Kc3 Kxe4 61. Re6+ Kxd5 62.
Ra6 Qc1+ 63. Kd3 Qc4+ 0-1

[Event "Late-Titled-Tuesday-Blitz-February-20-2024"]
[Site "Chess.com"]
[Date "2024.02.20"]
[Round "3"]
[White "Herman-NY"]
[Black "IraZyne"]
[Result "0-1"]
[WhiteElo "2512"]
[BlackElo "2348"]
[TimeControl "180+1"]
[EndTime "14:27:40 PST"]
[Termination "IraZyne won by resignation"]

1. e4 Nf6 2. e5 Nd5 3. d4 d6 4. c4 Nb6 5. f4 dxe5 6. fxe5 c5 7. d5 e6 8. Nc3 exd5 9. cxd5 c4 10. d6 Be6 11. Bf4 f6 12. Nf3 Nc6 13. Nd4 Nxd4 14.
Qxd4 Qd7 15. O-O-O O-O-O 16. h4 fxe5 17. Bxe5 Rg8 18.
h5 Bg4 19. Bxc4 Bxd1 20. Rxd1 Rh8 21. Qc5+ Kb8 22. Qc7+ Ka8 23. Nb5 Nxc4 24. Qxc4 Rc8 25. Nc7+ Kb8 26. Kb1 h6 27. Rd3 Rh7 28. a4 g5 29.
hxg6 Rg7 30. Bxg7 Bxg7 31. Qe6 Qxa4 32. Rb3 Qa5 33. Rd3 Qa4 34. Qxc8+ Kxc8 35. d7+ Qxd7 36. Rxd7 Kxd7 37. Nb5 a6 38. Nc3 Ke6 39. Ne4 Kf5 40. Nd6+ Kxg6 41. Nxb7 Bd4 42. Nd6 h5 43. b3 Kg5 44. Kc2 Kf4 45. Kd3 Bb6 46. Ne4 h4 47.
Nd2 Kg3 48. Nc4 Ba7 49. Ne5 Kxg2 50. Ke4 h3 51. Nf3 h2 52. Nxh2 Kxh2 53. Kd5 a5 54.
Kc6 Be3 55. Kb5 Bd2 0-1

[Event "Late-Titled-Tuesday-Blitz-February-20-2024"]
[Site "Chess.com"]
[Date "2024.02.20"]
[Round "3"]
[White "ferdipy"]
[Black "lluiss"]
[Result "0-1"]
[WhiteElo "2386"]
[BlackElo "2200"]
[TimeControl "180+1"]
[EndTime "14:27:40 PST"]
[Termination "lluiss won on time"]

1. e4 e6 2. d4 d5 3. Nc3 Nf6 4. Bg5 Be7 5. e5 Nfd7 6. Bxe7 Qxe7 7. f4 g6 8. Nf3 a6 9. Qd2 Nc6 10. O-O-O b6 11. Kb1 Bb7 12. g4 O-O-O 13. Be2 h5 14. h3 Kb8 15. a3 Na5 16. Na2 Nc4 17. Qc3 Ka7 18. Nd2 Nxd2+ 19. Rxd2 hxg4 20. Bxg4 a5 21. b4 axb4 22. axb4 c5 23. Qa3+ Kb8 24. bxc5 bxc5 25. Nc3 Nb6 26. Nb5 Nc4 27. Qa7+ Kc8 28. Nd6+ Rxd6 29.
exd6 Nxd2+ 30. Kc1 Qxd6 31. Kxd2 Qxf4+ 32. Kd1 Qxd4+ 33. Kc1 Qc3 34. Rd1 Qe3+ 35. Kb1 Rd8 36. Rd3 Qe1+ 37. Kb2 Qe5+ 38. Ka2 Rd6 39. Ra3 Qd4 40. Qa5 Qc4+ 41.
Kb2 Ra6 42. Qd2 Rxa3 0-1

[Event "Late-Titled-Tuesday-Blitz-February-20-2024"]
[Site "Chess.com"]
[Date "2024.02.20"]
[Round "3"]
[White "vanyakuba"]
[Black "BillCoe"]
[Result "1-0"]
[WhiteElo "2377"]
[BlackElo "2133"]
[TimeControl "180+1"]
[EndTime "14:27:41 PST"]
[Termination "vanyakuba won by resignation"]

1. e4 c5 2. c3 d5 3. exd5 Qxd5 4. d4 Nf6 5. Nf3 Bg4 6. Be2 e6 7. h3 Bf5 8. c4 Qd8 9. Nc3 cxd4 10. Nxd4 Bg6 11. Bf3 Qc8 12. Ndb5 a6 13. Nd6+ Bxd6 14. Qxd6 Nc6 15. Be3 Qd7 16. O-O-O O-O-O 17. Qc5 Qc7 18. Na4 Ne4 19. Qb6 Rxd1+ 20. Rxd1 Rd8 21. Qxc7+ Kxc7 22. Bb6+ Kc8 23. Bxd8 Nxd8 24. Bxe4 Bxe4 25. f3 Bc6 26.
Nc3 f6 27. b4 Nf7 28. b5 axb5 29. cxb5 Bd7 30. a4 Ne5 31. Kb2 Nc4+ 32. Kb3 Ne5 33. Kb4 Ng6 34. Rd4 e5 35. Rc4+ Kb8 36. Ne4 Be6 37. Rc2 Ne7 38. a5 Nd5+ 39. Kc5 b6+ 40. axb6 Ne3 41. Rd2 f5 42. Nd6 g6 43. g4 h5 44. gxf5 gxf5 45. b7 f4 46. Rd3 Nf5 47.
Nxf5 Bxf5 48. Rd5 Kxb7 49. Rxe5 Bxh3 50. Rxh5 Bg2 51. Rf5 Bxf3 52. Rxf4 Bg2 53. Rf7+ Kc8 54. Kb6 Be4 55. Ka7 Bg2 56. b6 1-0

[Event "Late-Titled-Tuesday-Blitz-February-20-2024"]
[Site "Chess.com"]
[Date "2024.02.20"]
[Round "3"]
[White "Mops_2004"]
[Black "Rud_Makarian"]
[Result "0-1"]
[WhiteElo "2770"]
[BlackElo "3071"]
[TimeControl "180+1"]
[EndTime "14:27:43 PST"]
[Termination "Rud_Makarian won by checkmate"]

1. f4 d5 2. Nf3 Nf6 3. g3 g6 4. Bg2 Bg7 5. O-O c5 6. d3 Nc6 7.
Qe1 d4 8. a4 O-O 9. Na3 b6 10. Ne5 Nxe5 11. Bxa8 Bh3 12. Bg2 Bxg2 13. Kxg2 Qd5+ 14. Kg1 Neg4 15. h3 Nh6 16. Nc4 Ne8 17.
e4 dxe3 18. Bxe3 Nf5 19. Bf2 Ned6 20. Ne5 Nd4 21. Bxd4 Qxd4+ 22. Kh2 Qxb2 23. Rf2 Qd4 24. a5 b5 25. a6 Qd5 26. Rc1 Nf5 27. Qe4 Qd6 28.
Nc6 e6 29. c3 h5 30. h4 Nh6 31. Kg2 Ng4 32. Ra2 Nf6 33. Qf3 Qc7 34. c4 b4 35. d4 cxd4 36. Nxd4 Qc5 37. Nb3 Qc7 38.
Qb7 Qd6 39. Rd2 Qb8 40. Na5 Qe8 41. Nc6 Ne4 42. Ne7+ Kh7 43. Qxe4 Qxe7 44. Qb7 Qc5 45. Qb5 Qe3 46. Qxb4 Rb8 47. Qxb8 Qxd2+ 48. Kh3 Qxc1 49. Qxa7 Qh1# 0-1

[Event "Late-Titled-Tuesday-Blitz-February-20-2024"]
[Site "Chess.com"]
[Date "2024.02.20"]
[Round "3"]
[White "Viktor_Poddubnyi"]
[Black "HajiyevKanan"]
[Result "1/2-1/2"]
[WhiteElo "2287"]
[BlackElo "2500"]
[TimeControl "180+1"]
[EndTime "14:27:43 PST"]
[Termination "Game drawn by repetition"]

1. e4 c6 2. d4 d5 3. exd5 cxd5 4. c4 e6 5. Nc3 Nf6 6. Nf3 Bb4 7. Bd3 dxc4 8. Bxc4 O-O 9. O-O Nc6 10. Bg5 Be7 11.
Re1 h6 12. Be3 b6 13. Qd2 Bb7 14. Bd3 Nb4 15. Bb1 Bxf3 16. gxf3 Re8 17. Kh1 Nbd5 18. Bxh6 Nxc3 19. Bxg7 Nxb1 20. Qh6 Nh7 21. f4 Bg5 22. fxg5 Qxg5 23. Qxg5 Nxg5 24. Bf6 Nf3 25.
Rexb1 Rac8 26. Kg2 Nd2 27. Rg1 Kh7 28. Kh1 Rg8 29.
Rad1 Nf3 30. Rg3 Rxg3 31. hxg3 Kg6 32. Be5 Rc2 33. Kg2 Nxe5 34. dxe5 Rxb2 35. a4 Rb4 36.
Ra1 Kf5 37. f4 Kg4 38. Ra2 Rb3 39. a5 b5 40. a6 Rxg3+ 41. Kh2 Rh3+ 42. Kg2 Rb3 43.
Rd2 Ra3 44. Rd7 Kxf4 45. Rxf7+ Kxe5 46. Rxa7 b4 47. Rb7 Rxa6 48. Rxb4 Ra3 49. Kf2 Kd5 50. Rh4 e5 51. Ke2 e4 52. Rh8 Ra2+ 53. Ke3 Ra3+ 54. Ke2 Kd4 55. Rd8+ Ke5 56. Re8+ Kf5 57.
Rf8+ Kg5 58. Re8 Kf5 59. Rf8+ Ke5 60. Re8+ Kd5 61. Rd8+ Kc5 62. Rc8+ Kd6 63. Rd8+ Ke7 64. Rd4 e3 65. Re4+ Kf6 66. Rxe3 Ra2+ 67. Kf3 Kf5 68. Rd3 Ke5 69. Re3+ Kd4 70. Re4+ Kd5 71. Rh4 Ra3+ 72. Ke2 Ra2+ 73. Kd3 Ra3+ 74. Kc2 Rg3 75. Kd2 Ke5 76. Ke2 Kf5 77. Ra4 Rb3 78. Kf2 Rb2+ 79. Kf3 Rb3+ 80.
Kf2 Rb2+ 81. Kf3 Rb3+ 82. Kf2 1/2-1/2

[Event "Late-Titled-Tuesday-Blitz-February-20-2024"]
[Site "Chess.com"]
[Date "2024.02.20"]
[Round "3"]
[White "SchmakAttack"]
[Black "DanielNaroditsky"]
[Result "1-0"]
[WhiteElo "2831"]
[BlackElo "3108"]
[TimeControl "180+1"]
[EndTime "14:27:44 PST"]
[Termination "SchmakAttack won by checkmate"]

1. e4 Nf6 2. e5 Nd5 3. d4 d6 4. c4 Nb6 5. exd6 exd6 6. Nc3 Be7 7. Bd3 O-O 8. h3 Bf6 9. Nf3 c6 10. O-O Na6 11. b3 Nc7 12. Be3 d5 13. c5 Nd7 14.
b4 g6 15. Qd2 Re8 16. Rfe1 Ne6 17. Rac1 Ndf8 18. a4 a6 19. b5 axb5 20. axb5 Ra3 21.
Qb2 Ra8 22. bxc6 bxc6 23. Ra1 Bd7 24. Na4 Rb8 25. Qc2 Ng7 26. Nb6 Qc7 27. Qd2 Nfe6 28. Ra4 Rxb6 29. cxb6 Qxb6 30. Rb1 Qc7 31. Rab4 Bc8 32.
Rb8 c5 33. dxc5 d4 34. Bg5 Nh5 35. Bxf6 Nxf6 36. Bc4 Ne4 37. Qc2 Nc3 38. R1b2 Qxc5 39. Bxe6 Rxe6 40. Qd2 Rd6 41. Kh2 Qc7 42. Qf4 Kg7 43.
Rxc8 Qd7 44. Rc4 d3 45. Rxc3 d2 46. Rxd2 Rxd2 47. Qxd2 Qe7 48. Qd4+ Kg8 49. Qe5 Qd7 50. Re3 Qd1 51. Qf6 Qd7 52. Re7 Qd5 53. Re8# 1-0

[Event "Late-Titled-Tuesday-Blitz-February-20-2024"]
[Site "Chess.com"]
[Date "2024.02.20"]
[Round "3"]
[White "sansanathalia"]
[Black "Gentlejimmy7"]
[Result "0-1"]
[WhiteElo "2387"]
[BlackElo "2569"]
[TimeControl "180+1"]
[EndTime "14:27:45 PST"]
[Termination "Gentlejimmy7 won on time"]

1. d4 f5 2. Nf3 Nf6 3. e3 g6 4.
Be2 Bg7 5. O-O O-O 6. b3 d6 7.
Bb2 c6 8. Nbd2 Na6 9. Bxa6 bxa6 10. c4 a5 11. Bc3 a4 12. bxa4 Ba6 13. Qc2 d5 14.
Ne5 Rc8 15. Rfc1 Ne4 16. Nxe4 fxe4 17. cxd5 cxd5 18. Qb3 Bxe5 19. dxe5 Bc4 20. Qb2 e6 21. Bd4 Qe7 22. Qd2 a6 23. Rab1 Qa3 24. Qa5 Qxa2 25. Rb2 Qa3 26. Qb6 Qe7 27. Qd6 Qf7 28. h4 Rfd8 29. Qb6 Bd3 30. Rxc8 Rxc8 31. Kh2 Qe7 32. g3 Qf7 33. Qd6 h5 34. a5 Kh7 35. Qb6 Rc1 36.
Qb7 Rc7 37. Qb6 Kh6 38. Qb8 Kg7 39. Qb6 Bb5 40. Qd6 Rc1 41. Bc5 Kh7 42. Qe7 Qxe7 43. Bxe7 Kg7 44. Bd6 Kf7 45. Kg2 Bf1+ 46. Kh2 Bb5 47.
Kg2 Re1 48. g4 hxg4 49. Kg3 Rg1+ 50. Kf4 Rc1 51. Kxg4 Rc3 52. Kf4 Kg7 53. Rb1 Kh6 54. Rg1 Rc2 55. Rg2 Be2 56. Bf8+ Kh7 57. Bd6 Bf3 58.
Rh2 Ra2 59. Bc7 Kh6 60. Bd6 Kh5 61. Bc7 Ra1 62. Bb6 Rg1 0-1

[Event "Late-Titled-Tuesday-Blitz-February-20-2024"]
[Site "Chess.com"]
[Date "2024.02.20"]
[Round "3"]
[White "WilsonPalencia21"]
[Black "ContrVersia"]
[Result "0-1"]
[WhiteElo "2529"]
[BlackElo "2860"]
[TimeControl "180+1"]
[EndTime "14:27:46 PST"]
[Termination "ContrVersia won by checkmate"]

1. d4 Nf6 2. c4 g6 3. Nf3 Bg7 4. Nc3 O-O 5. e4 d6 6. Be2 e5 7. O-O Na6 8. d5 Nc5 9. Qc2 a5 10. Bg5 h6 11. Be3 Ng4 12. Bxc5 dxc5 13. h3 Nf6 14.
Nxe5 Nd7 15. Nxd7 Bxd7 16. f4 Bd4+ 17. Kh2 g5 18. g3 gxf4 19. gxf4 Qh4 20. Qd3 Rae8 21. e5 Kh8 22. Qg3 Qd8 23. Ne4 Rg8 24. Qf3 Rg6 25. Qh5 Reg8 26. Bf3 f6 27. f5 Bxe5+ 28. Kh1 R6g7 29. Nxc5 Be8 30. Qh4 Bg3 31.
Qd4 Be5 32. Qh4 Qd6 33. Ne6 Rh7 34. c5 Qa6 35. Rg1 Rg5 36. Qe4 Bd7 37. Rxg5 hxg5 38. Nxg5 Rg7 39. Ne6 Bxe6 40. fxe6 Qb5 41. Rg1 Rxg1+ 42.
Kxg1 Qxc5+ 43. Kg2 Qc1 44. Qh4+ Kg8 45. Qg4+ Kf8 46.
Qh5 Qxb2+ 47. Be2 Ke7 48. Qf7+ Kd6 49. Qd7+ Kc5 50. Qe7+ Kd4 51. Kf3 Qc3+ 52. Kf2 Qe3+ 53. Kf1 Bg3 54. Kg2 Qf2+ 55. Kh1 Qh2# 0-1

[Event "Late-Titled-Tuesday-Blitz-February-20-2024"]
[Site "Chess.com"]
[Date "2024.02.20"]
[Round "3"]
[White "ArchibaldCerveza29"]
[Black "giovannibrandao7"]
[Result "0-1"]
[WhiteElo "2454"]
[BlackElo "2250"]
[TimeControl "180+1"]
[EndTime "14:27:49 PST"]
[Termination "giovannibrandao7 won by resignation"]

1. e4 Nf6 2. e5 Nd5 3. d4 d6 4.
Nf3 Nc6 5. Bc4 Nb6 6. Bb3 dxe5 7. dxe5 Qxd1+ 8. Kxd1 Bg4 9. Bf4 e6 10. Nd2 O-O-O 11. h3 Bxf3+ 12. gxf3 Bc5 13. Ke1 Bd4 14. c3 Bxe5 15. Be3 Nd5 16. Nc4 Bf4 17. Ke2 e5 18.
Rhg1 g6 19. Rad1 Bxe3 20. fxe3 Nde7 21. Nd2 f5 22. Nc4 b6 23. a4 Kb7 24. Na3 a6 25. Nc2 Nc8 26. Nb4 Nxb4 27. cxb4 Nd6 28. Bd5+ c6 29. Bb3 Nc8 30. Rc1 Ne7 31. Rc4 Rd6 32.
Rgc1 Rhd8 33. R1c2 Nd5 34. b5 axb5 35. axb5 c5 36.
Rh4 Nb4 37. Rxh7+ Kb8 38. Rh4 Nxc2 39. Bxc2 Rd2+ 40. Ke1 Rxc2 41. Rh6 Rxb2 42. Rxg6 Rxb5 43. Re6 c4 44. Rc6 Rc5 45. Rxb6+ Kc7 46. Rb2 c3 47. Rc2 Ra8 48. Ke2 Rb8 49. Kd3 Rb2 50. Rxc3 Rxc3+ 51. Kxc3 Rh2 52. Kc4 Rxh3 53. Kd5 Rxf3 54. Kxe5 Rxe3+ 55. Kxf5 Kd6 56. Kf4 Re5 0-1

[Event "Late-Titled-Tuesday-Blitz-February-20-2024"]
[Site "Chess.com"]
[Date "2024.02.20"]
[Round "3"]
[White "Angry_Twin"]
[Black "Fonsofan"]
[Result "1-0"]
[WhiteElo "2973"]
[BlackElo "2678"]
[TimeControl "180+1"]
[EndTime "14:27:51 PST"]
[Termination "Angry_Twin won on time"]

1. e4 d6 2. d4 Nf6 3. Nc3 e5 4.
dxe5 dxe5 5. Qxd8+ Kxd8 6. Bc4 Be6 7. Bxe6 fxe6 8. f3 Nbd7 9. Nh3 Bd6 10. Nf2 a6 11. Be3 Ke7 12. Nd3 Rhd8 13. O-O-O b5 14. a4 Rab8 15. h4 c5 16. Nf2 c4 17.
h5 b4 18. Ne2 Bc5 19. Bxc5+ Nxc5 20. Rxd8 Rxd8 21. h6 g6 22. Nd1 Nxa4 23. Ne3 Nb6 24.
Ng1 g5 25. Nh3 Rg8 26. Nf2 a5 27. Nfg4 Nfd7 28. Kd2 a4 29. Ke2 Ra8 30. Ra1 a3 31. bxa3 Rxa3 32. Rh1 Ra2 33. Kd2 b3 34. Rb1 b2 35. c3 Kd6 36. Kc2 Ke7 37. Rxb2 Rxb2+ 38. Kxb2 Na4+ 39. Kc2 Nab6 40. Kd2 Kd6 41. Nc2 Na4 42. Na3 Nab6 43. Nb5+ Ke7 44. Na3 Kd6 45. Nc2 Ke7 46.
Nf2 Nf6 47. Ne3 Ng8 48. Nfg4 Kd6 49. Kc2 Kc7 50. Nxe5 Nxh6 51. N5xc4 1-0

[Event "Late-Titled-Tuesday-Blitz-February-20-2024"]
[Site "Chess.com"]
[Date "2024.02.20"]
[Round "3"]
[White "Sacbutt"]
[Black "Mikhail_Golubev"]
[Result "0-1"]
[WhiteElo "2300"]
[BlackElo "2604"]
[TimeControl "180+1"]
[EndTime "14:27:51 PST"]
[Termination "Mikhail_Golubev won on time"]

1. e4 c5 2. Nf3 d6 3. d4 Nf6 4. Nc3 cxd4 5. Qxd4 a6 6. Bg5 Nc6 7. Qd2 Be6 8. Be2 Qa5 9. Bxf6 gxf6 10. O-O Rc8 11. Nd4 Nxd4 12. Qxd4 Qc5 13. Qd2 h5 14. Kh1 h4 15. f4 f5 16. e5 dxe5 17. fxe5 Bh6 18.
Qd3 Qxe5 19. Rae1 Rd8 20. Qf3 Qc7 21. Bd3 Rd4 22. Ne2 Rd5 23. c4 Re5 24. Nd4 Rxe1 25.
Rxe1 Qa5 26. Qe2 Qd2 27. Nxf5 Qxe2 28. Rxe2 Bg5 29. Ng7+ Kd7 30. Nxe6 fxe6 31. Be4 Kc7 32. Bf3 Bf6 33. b3 e5 34. Kg1 Rd8 35. Kf2 Rd4 36.
Re4 Rd2+ 37. Re2 Rd3 38. Re4 Rc3 39. Re2 b5 40. cxb5 axb5 41. Be4 Kb6 42. Rc2 b4 43. Rxc3 bxc3 44. Ke3 Kc5 45. a3 Bg5+ 46. Kd3 Bd2 47. b4+ Kb5 48. Bd5 Ka4 49. Bc4 Kxa3 50. b5 Kb2 51. b6 e4+ 52. Ke2 Bf4 53. b7 c2 0-1

[Event "Late-Titled-Tuesday-Blitz-February-20-2024"]
[Site "Chess.com"]
[Date "2024.02.20"]
[Round "3"]
[White "ChessFanNM"]
[Black "ImportedItalianMaple"]
[Result "1-0"]
[WhiteElo "2334"]
[BlackElo "2524"]
[TimeControl "180+1"]
[EndTime "14:27:53 PST"]
[Termination "ChessFanNM won on time"]

1. e4 g6 2. d4 Bg7 3. Nc3 d5 4. Nf3 dxe4 5. Nxe4 Nf6 6. Nxf6+ exf6 7.
h4 Bg4 8. c3 O-O 9. Be3 Nd7 10.
Qb3 Nb6 11. O-O-O a5 12. a4 Nd5 13. h5 Bxh5 14. Bd2 c6 15. Rxh5 gxh5 16. Bd3 b5 17.
Nh4 Rb8 18. Nf5 bxa4 19. Qxa4 Qb6 20. Qa2 Qb3 21. Qxb3 Rxb3 22. Bc2 Rb7 23. Rh1 Rfb8 24. b3 Ne7 25. Nd6 Rd7 26. Bf4 Rbd8 27. Nc4 Ng6 28.
Be3 h4 29. Bf5 Rd5 30. Be4 Rb5 31. Kc2 f5 32. Bxc6 Rbb8 33. Ra1 f4 34. Bd2 Rbc8 35. Bf3 Ne7 36. Rxa5 Nf5 37. Rxf5 Re8 38. Rxf4 Bf6 39. Rg4+ Kf8 40. Nd6 Red8 41. Nxc8 Rxc8 42. Kd3 Ke7 43. c4 Rc7 44. d5 Ra7 45. Bc3 Ra3 46. Bxf6+ Kxf6 47. Kc3 Ra2 48. Rxh4 Rxf2 49. Rxh7 Kg6 50. Rh4 Rf1 51.
Rg4+ Kf5 52. Rg8 Rc1+ 53. Kb2 1-0

[Event "Late-Titled-Tuesday-Blitz-February-20-2024"]
[Site "Chess.com"]
[Date "2024.02.20"]
[Round "3"]
[White "Stalri"]
[Black "koziororo"]
[Result "0-1"]
[WhiteElo "2383"]
[BlackElo "2602"]
[TimeControl "180+1"]
[EndTime "14:27:55 PST"]
[Termination "koziororo won on time"]

1. d4 Nf6 2. c4 e6 3. Nc3 Bb4 4. e3 O-O 5. Bd3 Re8 6. Ne2 b6 7. a3 Bf8 8. e4 d6 9. O-O e5 10. d5 a5 11. f3 Na6 12. Be3 Nc5 13. Bc2 g6 14. b4 Ncd7 15. Qd2 Bg7 16. Rab1 Nh5 17. Nb5 axb4 18. axb4 Ba6 19. Ra1 Nf4 20. g3 Nxe2+ 21. Qxe2 Rf8 22. Ra3 Bxb5 23. Rxa8 Qxa8 24. cxb5 Qa3 25. Bd2 Ra8 26. Qc4 Ra7 27. Bc3 Qa2 28.
Bb3 Qa3 29. Ra1 Qxa1+ 30. Bxa1 Rxa1+ 31. Kg2 Ra7 32. h4 h5 33. g4 Kf8 34. Bd1 Bf6 35. gxh5 gxh5 36. Kg3 Ke7 37. Be2 Nf8 38. Bf1 Ng6 39.
Bh3 Nf4 40. Bf5 Kf8 41. Bh3 Kg7 42. Qc2 Ra1 43. Qxc7 Rh1 44. Qxd6 Rxh3+ 45. Kf2 Rh2+ 46. Ke1 Bxh4+ 47. Kd1 Nd3 48. f4 exf4 49. Qxb6 Bf6 50. Qc6 f3 51. Qb6 Bc3 52. Qg1+ Rg2 53. Qe3 f2 0-1

[Event "Late-Titled-Tuesday-Blitz-February-20-2024"]
[Site "Chess.com"]
[Date "2024.02.20"]
[Round "3"]
[White "Real_taiatai"]
[Black "Alphafischer2019"]
[Result "0-1"]
[WhiteElo "2452"]
[BlackElo "2668"]
[TimeControl "180+1"]
[EndTime "14:27:56 PST"]
[Termination "Alphafischer2019 won by resignation"]

1. d4 Nf6 2. c4 c5 3. d5 e5 4.
dxe6 fxe6 5. Nc3 d5 6. cxd5 exd5 7. e4 d4 8. Bb5+ Nc6 9. Bxc6+ bxc6 10. e5 Qe7 11. Nge2 Qxe5 12. Bf4 Qh5 13. Na4 Be7 14. Qb3 Ba6 15. Ng3 Qg4 16. Bd2 Nd5 17. f3 Qe6+ 18.
Kf2 c4 19. Qd1 Ne3 20. Qe2 O-O-O 21. Rhe1 Bb5 22. Bxe3 dxe3+ 23. Qxe3 Qxe3+ 24. Rxe3 Bg5 25. Ra3 Rd2+ 26. Kg1 Be7 27. Re3 Bd6 28. Ne4 Bf4 29.
Ra3 Rc2 30. Nac3 Rxb2 31. Rxa7 Be3+ 32. Kh1 Bxa7 33. a4 Ba6 34. Re1 Rd8 35. h4 Bf2 36. Rc1 Bxh4 37. Nc5 Bb7 38. N3e4 Bf2 39. Ne6 Rd7 40.
a5 Ba6 41. N6c5 Bxc5 42. Nxc5 Ra7 43. Re1 Kd8 44. Ne6+ Kd7 45. Nc5+ Kd6 46. Ne4+ Kd5 47. Nc3+ Kd4 48. Na4 c3 49. Re4+ Kd3 50. Nc5+ Kc2 51.
Kh2 Kb1 52. Re1+ Ka2 53. Rc1 c2 54. Na4 Kb3 55. Nc5+ Kc3 56. Na4+ Kb3 57. Nc5+ Kc4 58. Na4 Ra2 59. Nb6+ Kc3 60. Nc8 Kd2 61. Rxc2+ Kxc2 62. Nxa7 Bb7 63. a6 Rxa6 0-1

[Event "Late-Titled-Tuesday-Blitz-February-20-2024"]
[Site "Chess.com"]
[Date "2024.02.20"]
[Round "3"]
[White "gunslinger222"]
[Black "OPQRC"]
[Result "0-1"]
[WhiteElo "2291"]
[BlackElo "2524"]
[TimeControl "180+1"]
[EndTime "14:27:58 PST"]
[Termination "OPQRC won on time"]

1. d4 Nf6 2. Bg5 c5 3. Bxf6 gxf6 4. Nc3 cxd4 5. Qxd4 Nc6 6. Qh4 e6 7. e4 Be7 8. Nf3 f5 9. Qh5 fxe4 10. Nxe4 d5 11. Neg5 Bxg5 12. Qxg5 Qxg5 13. Nxg5 h6 14. Nf3 e5 15.
Bb5 f6 16. O-O-O Be6 17. Rhe1 Kf7 18. h3 Rag8 19. Nh4 Nd4 20. Bf1 Rd8 21. c3 Nc6 22.
Be2 d4 23. Bh5+ Kg7 24. Bg4 Bxa2 25. Nf5+ Kh7 26. cxd4 Nxd4 27. Nxd4 Rxd4 28. Rxd4 exd4 29. Bf5+ Kg7 30. Re7+ Bf7 31. Be6 Rf8 32. Rxb7 Kg6 33.
Bg4 a5 34. Rd7 Rc8+ 35. Kd2 Bb3 36. Rg7+ Kxg7 37. Bxc8 Bc4 38. g3 Kf7 39. Bf5 Ke7 40. Bd3 Be6 41. Bf1 Kd6 42. h4 Kc5 43. Bd3 Kb4 44.
Bc2 Bb3 45. Be4 Ba4 46. Bd5 Bb5 47. Be6 Bc4 48. Bf5 Kb3 49. Kc1 d3 50. f3 a4 51. f4 d2+ 52. Kxd2 Kxb2 0-1

[Event "Late-Titled-Tuesday-Blitz-February-20-2024"]
[Site "Chess.com"]
[Date "2024.02.20"]
[Round "3"]
[White "RantomOpening"]
[Black "Fore_Man"]
[Result "1-0"]
[WhiteElo "2559"]
[BlackElo "2355"]
[TimeControl "180+1"]
[EndTime "14:28:02 PST"]
[Termination "RantomOpening won by resignation"]

1. c4 e5 2. Nc3 Bb4 3. Qc2 Bxc3 4.
Qxc3 Nc6 5. Nf3 Qe7 6. d4 exd4 7.
Nxd4 Nxd4 8. Qxd4 Qf6 9. Qxf6 Nxf6 10. f3 d6 11. e4 O-O 12. Kf2 Be6 13. Be3 Nd7 14.
Be2 Ne5 15. b3 f5 16. exf5 Bxf5 17. Rhd1 Rae8 18. h3 Bg6 19. c5 dxc5 20. Bxc5 Rf6 21. Rac1 b6 22. Be3 c5 23. Bb5 Ref8 24. Bg5 Rf5 25. Be7 Nxf3 26. Bxf8 Nd4+ 27. Ke1 Kxf8 28.
Bd3 Re5+ 29. Kd2 Bxd3 30. Kxd3 Re2 31. Rf1+ Ke7 32. Rce1 Rxe1 33. Rxe1+ Kd6 34. Rf1 Ke7 35. Kc4 a6 36. Kd5 g6 37. Rd1 Kd7 38. Re1 Nb5 39. Rc1 Nc7+ 40. Ke5 Ke7 41. b4 Ne6 42. a3 cxb4 43.
axb4 Kd7 44. Rd1+ Ke7 45. Rd6 Nc7 46. Rxb6 Kd7 47. Rd6+ Ke7 48. Rd1 Nb5 49. Ra1 Nc7 50.
g4 h6 51. h4 g5 52. hxg5 hxg5 53. Kf5 Nd5 54. Rxa6 Nxb4 55. Ra7+ Kf8 56. Kxg5 Nd5 57. Ra5 Ne7 58. Ra8+ Kf7 59. Ra7 Ke6 60. Rxe7+ Kxe7 61. Kg6 Kf8 62. Kh7 Kf7 63. g5 Ke6 64. g6 Kf5 65.
g7 1-0

[Event "Late-Titled-Tuesday-Blitz-February-20-2024"]
[Site "Chess.com"]
[Date "2024.02.20"]
[Round "3"]
[White "MarcoRiehle"]
[Black "Noki102"]
[Result "1-0"]
[WhiteElo "2861"]
[BlackElo "2530"]
[TimeControl "180+1"]
[EndTime "14:28:03 PST"]
[Termination "MarcoRiehle won by resignation"]

1. e4 e5 2. Nf3 Nc6 3. Bc4 Nf6 4. d4 exd4 5. O-O Nxe4 6. Nc3 Nxc3 7. bxc3 d5 8. Bd3 Be7 9. Re1 O-O 10. cxd4 Bg4 11. c3 Re8 12. Bf4 Qd7 13. Qb1 Bxf3 14. Bxh7+ Kh8 15. Bf5 Qd8 16. gxf3 Bd6 17. Rxe8+ Qxe8 18. Bxd6 cxd6 19. Qxb7 Rb8 20. Qc7 Rb2 21. Qxd6 g6 22.
Bd7 Qe2 23. Rf1 Ne7 24. Qf6+ Kg8 25. a4 Rb6 26. Qh4 Kg7 27. Bb5 Qxf3 28. Qg3 Qf6 29.
Re1 Nf5 30. Qe5 a6 31. Qxf6+ Kxf6 32. Bd3 Rc6 33. a5 Rxc3 34. Bxa6 Ra3 35. Bb7 Nxd4 36.
Bxd5 Rxa5 37. Bg2 Rg5 38. Kf1 Re5 39. Rd1 Nf5 40. Bc6 Ra5 41. Be4 Nh4 42. Rd4 Nf5 43. Rb4 Kg5 44. Kg2 Nh4+ 45. Kf1 Ra1+ 46. Ke2 Ra2+ 47.
Ke3 Ra3+ 48. Ke2 Ra2+ 49. Ke3 Ra3+ 50. Bd3 Nf5+ 51. Kd2 Ra2+ 52. Ke1 Nh4 53. Rb7 f5 54. Rb4 Nf3+ 55. Kf1 Ra1+ 56. Ke2 Ng1+ 57. Ke3 Re1+ 58.
Kd2 Re5 59. f4+ Kf6 60. fxe5+ Kxe5 61. Ke3 g5 62. Rb5+ Kf6 63. Rxf5+ 1-0